 Dungeon Crawl Stone Soup version 0.20-a0-903-g7e3609c (webtiles) character file.

7 Rrauwl the Skirmisher (level 2, -4/24 HPs)
             Began as a Formicid Abyssal Knight on Mar 20, 2017.
             Was a Follower of Lugonu.
             Killed from afar by a white imp (11 damage)
             ... with a puff of frost
             ... on level 2 of the Abyss.
             The game lasted 00:03:37 (366 turns).

Rrauwl the Skirmisher (Formicid Abyssal Knight)      Turns: 366, Time: 00:03:38

Health: -4/24      AC:  7    Str: 14    XL:     2   Next: 10%
Magic:  2/3        EV:  9    Int: 13    God:    Lugonu [*.....]
Gold:   15         SH:  0    Dex: 10    Spells: 1/1 levels left

rFire    . . .     SeeInvis +   a - +1 mace
rCold    . . .     Gourm    .   d - +1 scale mail of the Princess {rN++ Str-2 Int+2}
rNeg     + + .     Faith    .   (no shield)
rPois    .         Spirit   .   (helmet unavailable)
rElec    .         Reflect  .   (no cloak)
rCorr    .         Harm     .   (no gloves)
MR       .....                  (no boots)
Stlth    ..........             (no amulet)
Regen    0.1/turn               (no ring)
MPRegen  0.1/turn               (no ring)

@: no status effects
A: permanent stasis, dig shafts and tunnels, four strong arms, antennae 3
a: Dig, Shaft Self, Depart the Abyss, Renounce Religion


You were on level 2 of the Abyss.
You worshipped Lugonu.
Lugonu was aware of your devotion.
You were not hungry.

You visited 0 branches of the dungeon, and saw 0 of its levels.
You visited the Abyss 1 time.

You collected 15 gold pieces.

Inventory:

Hand Weapons
 a - a +1 mace (weapon)
Armour
 b - a +0 leather armour
 d - the +1 scale mail of the Princess (worn) {rN++ Str-2 Int+2}
   (You found it on level 2 of the Abyss)

   It affects your strength (-2).
   It affects your intelligence (+2).
   It greatly protects you from negative energy.
Wands
 e - a wand of lightning (5/15)
Comestibles
 c - a bread ration


   Skills:
 + Level 3.6 Fighting
 + Level 2.1 Maces & Flails
 + Level 2.2 Armour
 + Level 1.1 Dodging
 - Level 2.1 Invocations


You had one spell level left.
You didn't know any spells.

Dungeon Overview and Level Annotations

Branches:
Dungeon (0/15)

Altars:


Innate Abilities, Weirdness & Mutations

You cannot be hasted, slowed, berserked, paralysed or teleported.
You can dig through walls and to a lower floor.
Your four strong arms can wield two-handed weapons with a shield.
You have a pair of large antennae on your head. (SInv)


Message History

A large abomination comes into view.
An ettin simulacrum comes into view.
A lorocyproca comes into view.
The lorocyproca gives a chilling moan.
The lorocyproca hits you!
Ouch! That really hurt!
You feel your power leaking away.
A wretched star comes into view.
A white imp comes into view.
The white imp gestures at you. The puff of frost hits you!
* * * LOW HITPOINT WARNING * * *
The white imp barely misses you. The white imp barely misses you.
A smoke demon comes into view.
Found 28 gold pieces.
The white imp gestures at you.
The puff of frost misses the lorocyproca.
The puff of frost hits you!
You die...

.# .#### #. .## #§#.#
.#..####.## .##..§##
.#..#..... ....##.#.####
......#.# ..#..
#.#.###.3.#...#
.###...#....5.#...#...##
.##.###... ##.#.........
.### #....#.##2.......#
. #.....#####@§.#.#. ..#
§.#..... #.#.#.# .#.
....#..# ## $§.#
...#.#.# .. .#.# .
...#.# .## #.... ##.. #.
# ... #.# ##


You could see a lorocyproca (invisible), a smoke demon and a white imp.

Vanquished Creatures
  A shadow imp (Abyss:2)
1 creature vanquished.

Notes
Turn   | Place    | Note
-------+----------+-------------------------------------------
     0 | Abyss:1  | Rrauwl the Formicid Abyssal Knight began the quest for the Orb.
     0 | Abyss:1  | Reached XP level 1. HP: 18/18 MP: 2/2
    46 | Abyss:1  | Noticed a shadow wraith
   119 | Abyss:1  | Noticed a small abomination
   193 | Abyss:1  | Noticed a small abomination
   216 | Abyss:2  | Got a scorched scale mail
   227 | Abyss:2  | Identified the +1 scale mail of the Princess {rN++ Str-2 Int+2} (You found it on level 2 of the Abyss)
   297 | Abyss:2  | Reached skill level 1 in Dodging
   297 | Abyss:2  | Reached XP level 2. HP: 19/24 MP: 3/3
   318 | Abyss:2  | Noticed a large abomination
   325 | Abyss:2  | Found a corrupted altar of Lugonu.
   327 | Abyss:2  | Noticed a large abomination
   335 | Abyss:2  | Noticed an ettin simulacrum
   338 | Abyss:2  | Noticed a lorocyproca
   350 | Abyss:2  | Noticed a wretched star
   364 | Abyss:2  | Noticed a smoke demon
   366 | Abyss:2  | Killed from afar by a white imp

Vault maps used:

Skill      XL: |  1 |
---------------+----+-----
Dodging        | 1 |  1.1
Fighting       | |  3.6
Maces & Flails | |  2.1
Armour         | |  2.2
Invocations    | |  2.1

Action                   || total
-------------------------++-------
Melee: Mace              ||     6
  Use: Potion            ||     2
       Scroll            ||     1
Armor: Scale mail        ||     2
Dodge: Dodged            ||     5
